 Dungeon Crawl Stone Soup version 0.31.0-12-g77e489cdc1 (webtiles) character file.

Game seed: 7314421513249885859

66 jagang the Slasher (level 4, -3/35 HPs)
             Began as a Human Monk on Mar 6, 2024.
             Slain by Natasha (4 damage)
             ... on level 2 of the Dungeon.
             The game lasted 00:01:34 (1184 turns).

jagang the Slasher (Human Monk)                     Turns: 1184, Time: 00:01:35

Health: -3/35      AC:  2    Str: 12    XL:     4   Next: 15%
Magic:  4/4        EV: 13    Int: 10    God:
Gold:   56         SH:  0    Dex: 17    Spells: 3/3 levels left

rFire   . . .        a - +0 falchion
rCold   . . .        d - orb {light}
rNeg    . . .        b - +0 robe
rPois   .            (no helmet)
rElec   .            (no cloak)
rCorr   .            (no gloves)
SInv    .            (no boots)
Will    .....        (no amulet)
Stlth   +            (no ring)
HPRegen 0.25/turn    (no ring)
MPRegen 0.09/turn

%: no passive effects
@: slowed, glowing, very slow
A: explore regen
a: no special abilities


You were on level 2 of the Dungeon.
You visited 1 branch of the dungeon, and saw 2 of its levels.

You collected 56 gold pieces.

Inventory:

Hand Weapons
 a - a +0 falchion (weapon)
Armour
 b - a +0 robe (worn)
 d - an orb of light (worn)
Jewellery
 e - an amulet of regeneration
 k - an amulet of the acrobat
Scrolls
 h - a scroll of brand weapon {unknown}
 i - a scroll of amnesia {unknown}
 j - a scroll of enchant armour {unknown}
 l - a scroll of identify {unknown}
Potions
 c - a potion of ambrosia
 f - 2 potions of curing {unknown}
 g - a potion of lignification {unknown}


   Skills:
 + Level 3.5 Fighting
 * Level 4.0 Long Blades
 + Level 1.5 Armour
 - Level 3.0 Dodging


You had 3 spell levels left.
You didn't know any spells.
Your spell library contained the following spells:

 Spells                   Type           Power      Damage    Failure   Level
 Summon Small Mammal      Summ           0%         N/A       36%         1
 Lesser Beckoning         Tloc           0%         N/A       50%         2
 Call Canine Familiar     Summ           0%         N/A       75%         3
 Gell's Gravitas          Tloc           0%         N/A       75%         3
 Teleport Other           Tloc           0%         N/A       75%         3
 Summon Blazeheart Golem  Fire/Summ      0%         N/A       98%         4
 Orb of Destruction       Conj           0%         9d5       100%        7
 Spellforged Servitor     Conj/Summ      0%         N/A       100%        7


Dungeon Overview and Level Annotations

Branches:
Dungeon (2/15)

Altars:

Shops:
D:1 =

Annotations:
D:2 Natasha


Innate Abilities, Weirdness & Mutations

You regain HP and MP as you explore.


Message History

The ribbon worm misses you.
You hit the ribbon worm.
The ribbon worm is almost dead.
The ribbon worm expels a string of sticky webbing.
The stream of webbing misses you.
You slash the ribbon worm!
You kill the ribbon worm!
Found 4 stones.
Found a stone staircase leading down.
You see here 4 stones.
Natasha, Servant of Life and Death comes into view.
Natasha hisses angrily.
You see here a scroll labelled QEHAFO ECOVATINIRPH.
Natasha mumbles some strange words.
Natasha stares at you and mumbles some strange words.
You feel yourself slow down.
The cerulean imp hits you from afar with a +1 spear.
You hit Natasha but do no damage. Natasha closely misses you.
The cerulean imp hits you from afar with a +1 spear.
Natasha completely misses you. The cerulean imp completely misses you.
You hit Natasha but do no damage. Natasha misses you.
The cerulean imp barely misses you. Natasha claws you!
You closely miss Natasha. The cerulean imp closely misses you.
Natasha stares at you and mumbles some strange words.
The magic dart hits you. The cerulean imp misses you.
You hit Natasha but do no damage.
Natasha extends her claws.
Natasha claws you.
The cerulean imp hits you from afar with a +1 spear.
Natasha claws you!
* * * LOW HITPOINT WARNING * * *
The cerulean imp hits you from afar with a +1 spear.
* * * LOW HITPOINT WARNING * * *
You hit Natasha but do no damage. Natasha closely misses you.
The cerulean imp barely misses you.
You hit Natasha.
Natasha is heavily wounded.
Natasha claws you.
You die...
Natasha curls up and begins to purr.

.....# ..$ #.##.##
... ##....# #.# #
#...#.# #.# ####.#
#8.♣#†# #.# #...
#...#.###.#####.#
#8.8#.....(..?..#
#...#........##.###.#
#8.8#####.##.##.@...#
#...# #.##>####h### #
..##.# 5.. # #..##.#
##.# # ..###.# .# #
#.# #.# # .. #.#


You could see Natasha and a cerulean imp (summoned).

Vanquished Creatures
  2 adders (D:2)
  A dart slug (D:2)
  A ribbon worm (D:2)
  6 bats (D:1)
  3 endoplasms
  2 giant cockroaches (D:1)
  A goblin (D:1)
  5 hobgoblins
  4 jackals (D:1)
  3 quokkas (D:1)
  3 ball pythons (D:1)
  3 frilled lizards (D:1)
  5 kobolds (D:1)
  A rat (D:1)
40 creatures vanquished.

Notes
Turn   | Place    | Note
-------+----------+-------------------------------------------
     0 | D:1      | jagang the Human Monk began the quest for the Orb.
     0 | D:1      | Reached XP level 1. HP: 18/18 MP: 1/1
    46 | D:1      | Reached XP level 2. HP: 18/24 MP: 2/2
   291 | D:1      | Reached skill level 1 in Armour
   379 | D:1      | Reached XP level 3. HP: 29/29 MP: 3/3
   565 | D:1      | Found Raukkuzo's Jewellery Shop.
  1147 | D:2      | Reached skill level 4 in Long Blades
  1147 | D:2      | Reached XP level 4. HP: 29/35 MP: 4/4
  1175 | D:2      | Noticed Natasha
  1182 | D:2      | HP: 1/35 [cerulean imp/+1 spear[Natasha] (5)]
  1184 | D:2      | Slain by Natasha

Illustrated notes

Levels and vault maps discovered:
D:1:      amcnicky_arrival_underground_garden, layout_basic, serial_shops,
          nicolae_diamond_shop
D:2:      layout_loops_ring, basic_altar, chequers_avenue,
          minmay_misc_feat_tower, uniq_natasha, uniq_sigmund

Skill      XL: |  1  2  3 |
---------------+----------+-----
Armour         | 1 |  1.5
Long Blades    | 4 |  4.0
Fighting       | |  3.5
Dodging        | |  3.0

Action                     |  1- 3 |  4- 6 || total
---------------------------+-------+-------++-------
  Melee: Falchion          |    97 |    13 ||   110
 Armour: Robe              |    51 |     9 ||    60
  Dodge: Dodged            |    62 |    15 ||    77
